Map: Troizinia LE

Players

renllers

  • Race: Protoss Protoss
  • Spawn Location: 12:00

ivasty

  • Race: Zerg Zerg
  • Spawn Location: 11:00

ULI

  • Race: Terran Terran
  • Spawn Location: 9:00

Glockjones

  • Race: Zerg Zerg
  • Spawn Location: 11:00

OpenSF - Winner!

  • Race: Terran Terran
  • League: Gold
  • Spawn Location: 6:00

Infamous - Winner!

  • Race: Protoss Protoss
  • League: Silver
  • Spawn Location: 5:00

Pablolo - Winner!

  • Race: Protoss Protoss
  • Spawn Location: 5:00

ZergZZZZZ - Winner!

  • Race: Zerg Zerg
  • Spawn Location: 3:00

VOD

Have the link to the VOD?

Description

Time

  • Played on: April 4, 2018, 8:24 p.m.
  • Length: 13:07
Show
View Real Time Build Order
Export as new Build Order

renllers Protoss 

Build Orders:  

Get SALT Encoding   

  12  0:10  Assimilator  
  12  0:13  Probe  
  13  0:25  Pylon  
  13  0:39  Pylon  
  13  0:52  Pylon  
  13  0:58  Pylon  
  13  1:11  Pylon  
  13  1:23  Forge  
  13  1:38  Pylon  
  13  1:51  Pylon  
  13  2:01  Photon Cannon  
  13  2:15  Photon Cannon  
  13  2:19  Photon Cannon  
  13  2:36  Photon Cannon  
  13  2:53  Gateway  
  13  3:04  Gateway  
  13  3:36  Nexus  
  13  3:45  Zealot  
  15  3:53  Zealot  
  17  4:02  Assimilator  
  17  4:19  Cybernetics Core  
  17  4:29  Probe  
  18  4:43  Pylon  
  18  5:02  Photon Cannon  
  18  5:10  Photon Cannon  
  18  5:18  Photon Cannon  
  18  5:25  Probe (Chrono Boost)  
  19  5:35  Probe (Chrono Boost)  
  20  5:40  Probe (Chrono Boost)  
  21  5:44  Warp Gate (Chrono Boost), Sentry  
  21  5:46  Sentry  
  25  5:57  Probe  
  26  6:06  Photon Cannon  
  26  6:20  Protoss Ground Weapons Level 1 (Chrono Boost)  
  26  6:36  Photon Cannon  
  26  6:46  Pylon  
  26  6:50  Pylon  
  26  6:55  Pylon  
  26  7:08  Photon Cannon  
  26  7:15  Photon Cannon  
  26  7:45  Stargate  
  26  7:58  Photon Cannon  
  26  8:02  Photon Cannon  
  26  8:11  Stalker  
  26  8:12  Stalker  
  30  8:26  Photon Cannon  
  30  8:38  Sentry  
  30  8:39  Sentry  
  34  8:44  Photon Cannon  
  18  9:24  Stalker  
  18  9:25  Stalker  
  22  9:35  Photon Cannon  
  22  9:47  Gateway  
  22  9:50  Sentry  
  22  9:51  Sentry  
  18  10:12  Photon Cannon  
  18  10:18  Photon Cannon  
  18  10:35  Forge  
  18  10:36  Zealot  
  18  10:37  Zealot  
  21  10:46  Pylon  
  20  10:57  Shield Battery  
  20  11:11  Photon Cannon  
  5  12:23  Pylon  
  5  12:39  Nexus  
Show
View Real Time Build Order
Export as new Build Order

ivasty Zerg 

Build Orders: Pool First 

Get SALT Encoding   

  12  1:32  Spawning Pool  
  11  1:33  Overlord  
  11  1:34  Extractor, Drone x2  
  12  1:42  Extractor  
  11  2:09  Drone x3  
  14  2:19  Queen  
  16  2:34  Zergling x4  
  18  2:40  Spine Crawler  
  17  2:44  Spine Crawler  
  17  2:47  Spore Crawler  
  17  2:48  Zergling x2  
  16  3:07  Drone x2  
  18  3:20  Drone  
  19  3:27  Drone  
  20  3:37  Overlord  
  20  3:44  Drone x2  
  22  3:57  Spore Crawler  
  21  4:08  Zergling x6  
  24  4:11  Zergling x6  
  24  4:13  Metabolic Boost  
  27  4:25  Queen  
  29  4:34  Hatchery  
  28  4:53  Zergling x4  
  28  4:55  Overlord x2  
  30  5:20  Lair  
  30  5:22  Drone x4  
  30  5:23  Drone  
  35  5:42  Spore Crawler  
  34  5:45  Spore Crawler  
  34  5:48  Drone  
  34  6:33  Hydralisk Den  
  34  6:36  Drone x3  
  34  6:37  Drone x6  
  42  6:43  Spore Crawler  
  42  6:44  Drone x3  
  44  6:47  Overseer  
  44  6:49  Overseer  
  44  7:12  Overseer  
  44  7:13  Pneumatized Carapace  
  44  7:16  Overlord x2  
  44  7:23  Overseer  
  44  7:24  Lurker Den  
  43  7:33  Drone x3  
  46  7:37  Extractor  
  46  7:41  Extractor  
  46  7:44  Spine Crawler  
  43  7:47  Spine Crawler  
  42  8:04  Queen  
  44  8:05  Spore Crawler  
  44  8:06  Drone  
  44  8:07  Spore Crawler x2  
  31  8:28  Hydralisk x4  
  31  8:31  Zergling x4  
  41  8:39  Spore Crawler  
  41  8:40  Queen  
  42  9:15  Queen  
  42  9:20  Hydralisk x3  
  42  9:21  Hydralisk x3  
  46  9:25  Hydralisk x2  
  50  9:41  Overlord  
  50  9:46  Spore Crawler  
  49  9:53  Overlord  
  37  10:08  Zergling x2  
  37  10:09  Zergling x2  
  33  10:15  Zergling x6  
  33  10:18  Hydralisk x6  
  46  10:26  Hydralisk  
  44  10:31  Queen  
  44  10:35  Spine Crawler  
  40  10:38  Spine Crawler  
  40  10:39  Hydralisk  
  39  10:49  Hydralisk  
  19  11:05  Hydralisk x2  
  19  11:09  Hydralisk x2  
  8  11:22  Drone x2  
  6  11:47  Spawning Pool  
  5  11:55  Drone x3  
  8  12:07  Drone  
Show
View Real Time Build Order
Export as new Build Order

ULI Terran 

Build Orders:  

Get SALT Encoding   

  12  0:31  Supply Depot  
  12  0:36  Supply Depot  
  12  0:56  Barracks  
  12  1:05  Supply Depot  
  12  1:25  Refinery  
  12  1:30  Refinery  
  12  2:10  Marine, Command Center  
  13  2:26  Orbital Command  
  13  2:27  Marine  
  14  2:45  Marine  
  15  3:15  Bunker  
  15  3:18  SCV  
  16  3:30  SCV  
  16  3:31  Engineering Bay  
  17  3:35  Marine  
  18  3:42  SCV  
  19  3:53  Marine  
  19  3:54  SCV  
  21  3:58  Supply Depot  
  21  4:06  SCV  
  22  4:11  Marine  
  23  4:25  Missile Turret  
  23  4:36  Barracks Tech Lab  
  23  4:40  Missile Turret  
  23  4:49  Planetary Fortress  
  23  4:59  SCV  
  24  5:01  Missile Turret  
  24  5:11  SCV  
  25  5:23  SCV  
  25  5:24  Missile Turret  
  26  5:35  SCV  
  27  5:47  SCV  
  27  5:48  Marauder  
  30  5:55  SCV  
  31  6:07  Missile Turret, SCV  
  31  6:09  Marauder  
  34  6:19  SCV  
  35  6:26  Concussive Shells  
  35  6:31  Missile Turret, SCV, Marauder  
  38  6:43  Factory, SCV  
  39  6:48  SCV  
  39  6:52  Marauder  
  42  6:55  SCV  
  42  7:00  SCV  
  44  7:05  Barracks  
  44  7:07  SCV  
  45  7:13  SCV  
  45  7:14  Marauder  
  48  7:19  SCV  
  49  7:25  SCV  
  49  7:28  Factory Tech Lab  
  50  7:48  Starport  
  49  8:08  Missile Turret  
  46  8:38  Bunker  
  46  8:41  Missile Turret  
  46  8:55  Missile Turret  
  46  8:56  Starport Reactor  
  46  9:13  Missile Turret  
  46  9:15  Marine  
  46  9:31  Missile Turret  
  46  10:15  Starport  
  46  10:19  Starport  
  46  11:04  Starport  
  46  11:05  Supply Depot  
  46  11:15  Barracks Tech Lab  
  46  11:21  Starport Reactor  
  46  11:25  Starport Reactor  
  46  11:26  Marine  
  46  11:27  Widow Mine  
  46  11:30  Supply Depot  
  46  11:31  Missile Turret  
  49  11:44  Marine, Starport Reactor  
  50  11:48  Widow Mine  
  52  11:57  Missile Turret  
  52  12:02  Marine, Missile Turret  
  52  12:03  Viking  
  52  12:05  Viking  
  52  12:07  Viking  
  52  12:08  Viking  
  53  12:09  Widow Mine  
  24  12:55  Missile Turret  
Show
View Real Time Build Order
Export as new Build Order

Glockjones Zerg 

Build Orders: Hatch First 

Get SALT Encoding   

  12  0:01  Drone  
  13  0:11  Drone  
  14  0:16  Overlord  
  15  0:35  Drone x2  
  15  0:36  Drone  
  17  0:57  Hatchery  
  17  1:00  Drone  
  17  1:10  Extractor  
  16  1:12  Drone x2  
  18  1:22  Spawning Pool  
  17  1:35  Drone x2  
  19  1:45  Overlord  
  19  1:57  Drone  
  20  2:07  Drone  
  21  2:20  Drone x2  
  21  2:21  Metabolic Boost  
  21  2:22  Queen  
  25  2:30  Zergling x4  
  25  2:35  Queen  
  29  2:51  Extractor  
  29  2:53  Drone x3  
  29  2:58  Queen  
  33  3:08  Roach Warren  
  33  3:11  Queen  
  34  3:26  Hatchery  
  33  3:34  Zergling x6  
  35  3:37  Overlord x2  
  36  4:00  Roach x4  
  36  4:01  Roach x2  
  48  4:04  Drone x2  
  50  4:23  Roach  
  52  4:27  Overlord x3  
  52  4:29  Overlord  
  52  4:38  Extractor  
  51  4:42  Extractor  
  50  5:05  Drone  
  50  5:06  Drone x7  
  50  5:07  Drone x2  
  60  5:23  Lair  
  60  5:33  Roach  
  60  5:34  Roach x6  
  60  5:35  Roach x2  
  78  5:49  Spine Crawler  
  77  6:16  Spore Crawler  
  76  6:19  Spore Crawler  
  76  6:23  Overseer  
  75  6:29  Spore Crawler  
  75  6:31  Spore Crawler, Drone  
  75  6:32  Drone x7  
  81  6:58  Hydralisk Den  
  80  7:07  Overseer  
  80  7:10  Overseer  
  80  7:14  Overseer  
  80  7:18  Roach x4  
  80  7:19  Roach  
  90  7:25  Overlord x3  
  90  7:26  Overlord x5  
  90  7:34  Extractor  
  89  7:38  Drone x2, Extractor  
  90  7:53  Hydralisk x2  
  90  7:54  Hydralisk x4  
  91  8:04  Hydralisk  
  81  8:16  Hydralisk  
  69  8:38  Hydralisk x4  
  69  8:39  Hydralisk  
  30  9:35  Spawning Pool  
Show
View Real Time Build Order
Export as new Build Order

OpenSF Terran - Winner!

Build Orders:  

Get SALT Encoding   

  12  0:02  SCV  
  13  0:14  SCV  
  13  0:19  Supply Depot  
  14  0:26  SCV  
  15  0:41  SCV  
  16  0:43  Refinery  
  16  0:49  Barracks  
  16  0:53  SCV  
  17  1:05  SCV  
  18  1:17  SCV  
  18  1:18  Barracks  
  19  1:29  SCV  
  19  1:31  Supply Depot  
  20  1:37  Marine  
  21  1:42  SCV  
  21  1:43  Refinery  
  22  1:48  Factory  
  22  1:54  Marine  
  22  1:57  SCV  
  24  2:13  SCV  
  25  2:25  SCV  
  26  2:31  Command Center  
  26  2:39  Factory Reactor  
  26  2:44  Starport  
  26  2:47  SCV  
  27  2:53  Supply Depot  
  27  2:59  Marine, SCV  
  27  3:02  Marine  
  30  3:15  SCV  
  31  3:37  Factory Tech Lab  
  31  3:38  SCV  
  32  3:50  SCV  
  33  3:58  Medivac x2  
  33  4:01  Marine x2  
  39  4:10  Engineering Bay  
  39  4:13  Supply Depot, Orbital Command  
  39  4:19  Marine x2  
  41  4:28  Medivac x2  
  41  4:29  SCV  
  46  4:37  Marine  
  47  4:41  SCV  
  47  4:42  Marine  
  49  4:52  Siege Tank  
  52  4:54  Marine  
  53  5:00  Marine  
  53  5:05  Terran Infantry Weapons Level 1  
  54  5:12  Marine  
  55  5:19  Barracks Reactor  
  55  5:30  Marine  
  55  5:32  SCV  
  55  5:35  Barracks, Planetary Fortress  
  57  5:44  SCV  
  57  5:48  Marine  
  59  5:53  Refinery  
  59  6:06  Marine x3  
  62  6:17  Supply Depot  
  62  6:38  Marine x3, Siege Tank  
  68  6:48  Marine  
  69  6:54  Supply Depot  
  69  6:56  SCV  
  69  7:01  Supply Depot  
  70  7:15  Marine x4  
  70  7:16  SCV x2  
  76  7:28  Medivac, SCV x2  
  76  7:29  Medivac  
  82  7:33  Marine x4  
  86  8:47  Marine  
  86  9:01  Siege Tank  
  86  9:03  Marine x3, Medivac x2  
  86  9:05  Marine  
  86  9:06  Supply Depot  
  94  9:10  Supply Depot  
  90  9:21  Marine x3  
  90  9:23  Marine  
  94  9:31  Supply Depot  
  94  9:33  Siege Tank  
  94  9:34  Supply Depot  
  97  9:39  Marine x3  
  97  9:41  Marine  
  101  9:57  Marine x3  
  101  9:59  Marine  
  96  10:14  Marine x3  
  96  10:17  Marine  
  94  10:32  Marine x3  
  94  10:34  Marine  
  93  10:50  Marine x2  
  90  11:30  Marine x4  
  94  11:33  Siege Tank  
  94  11:34  Medivac x2  
  101  12:00  SCV  
  102  12:04  Medivac  
  102  12:05  Siege Tank  
  107  12:10  Armory  
  107  12:11  Command Center  
  107  12:12  SCV  
  107  12:15  Armory  
  108  12:20  Refinery  
  108  12:21  SCV  
  109  12:24  SCV  
  110  12:33  SCV  
  111  12:42  Marine x3  
  111  12:43  Marine  
  115  12:45  SCV  
Show
View Real Time Build Order
Export as new Build Order

Infamous Protoss - Winner!

Build Orders: 1 Gate Expand 

Get SALT Encoding   

  12  0:02  Probe  
  13  0:14  Pylon  
  13  0:19  Probe  
  14  0:31  Probe (Chrono Boost)  
  14  0:34  Gateway  
  16  0:43  Probe (Chrono Boost)  
  16  0:49  Probe (Chrono Boost)  
  16  0:52  Assimilator  
  17  0:59  Probe  
  18  1:11  Probe  
  19  1:25  Nexus  
  19  1:31  Probe (Chrono Boost)  
  20  1:41  Cybernetics Core  
  20  1:43  Probe (Chrono Boost)  
  21  1:53  Probe  
  22  1:56  Assimilator  
  22  1:59  Pylon  
  22  2:04  Warp Gate (Chrono Boost)  
  22  2:09  Probe  
  23  2:25  Probe  
  23  2:28  Gateway  
  24  2:38  Probe  
  24  2:39  Probe, Robotics Facility  
  26  2:50  Probe  
  27  3:01  Probe (Chrono Boost)  
  29  3:06  Pylon  
  29  3:09  Probe (Chrono Boost)  
  29  3:11  Probe (Chrono Boost)  
  30  3:22  Probe x2  
  30  3:26  Assimilator  
  32  3:31  Stargate  
  32  3:32  Stargate  
  32  3:35  Observer  
  32  3:38  Probe (Chrono Boost)  
  32  3:41  Probe (Chrono Boost)  
  35  3:50  Probe (Chrono Boost)  
  35  3:55  Probe (Chrono Boost)  
  37  3:56  Pylon  
  37  3:58  Probe (Chrono Boost)  
  37  3:59  Pylon  
  38  4:04  Pylon  
  38  4:08  Observer  
  39  4:14  Void Ray (Chrono Boost)  
  43  4:26  Probe  
  43  4:27  Probe  
  45  4:34  Void Ray  
  49  4:39  Probe  
  49  4:40  Pylon  
  49  4:45  Assimilator  
  50  4:51  Stargate  
  49  5:02  Probe x2  
  51  5:13  Immortal  
  55  5:17  Stalker  
  55  5:18  Stalker, Void Ray (Chrono Boost)  
  63  5:29  Probe  
  63  5:30  Probe  
  63  5:32  Protoss Air Weapons Level 1 (Chrono Boost)  
  65  5:51  Void Ray (Chrono Boost)  
  70  6:18  Probe x2  
  70  6:22  Fleet Beacon  
  71  6:33  Void Ray (Chrono Boost)  
  79  6:40  Probe x2  
  79  6:43  Void Ray (Chrono Boost)  
  80  6:56  Pylon  
  80  7:12  Void Ray  
  80  7:14  Void Ray  
  88  7:19  Nexus  
  88  7:22  Sentry  
  88  7:23  Pylon, Sentry  
  88  7:25  Pylon  
  88  7:27  Pylon  
  88  7:29  Pylon  
  88  8:14  Void Ray x3  
  100  8:22  Observer  
  100  8:25  Probe  
  100  8:26  Probe  
  99  8:51  Probe  
  99  8:52  Probe  
  99  8:53  Observer  
  102  9:07  Void Ray (Chrono Boost)  
  102  9:08  Void Ray x2 (Chrono Boost)  
  114  9:25  Pylon  
  114  9:27  Pylon  
  114  9:29  Pylon, Probe  
  114  9:30  Probe x2  
  115  9:35  Assimilator  
  113  9:40  Assimilator  
  113  9:41  Probe  
  113  9:43  Void Ray x2  
  113  9:45  Forge  
  122  10:10  Void Ray  
  118  10:32  Void Ray x2  
  126  10:47  Probe x2, Photon Cannon  
  126  10:48  Probe  
  126  10:49  Photon Cannon  
  129  10:51  Photon Cannon  
  129  10:53  Photon Cannon, Void Ray  
  129  10:55  Photon Cannon  
  133  10:57  Photon Cannon  
  133  10:59  Photon Cannon  
  133  11:01  Photon Cannon  
  133  11:04  Photon Cannon  
  133  11:14  Void Ray (Chrono Boost)  
  137  11:18  Protoss Air Armor Level 1 (Chrono Boost)  
  137  11:27  Cybernetics Core  
  137  11:39  Void Ray x2 (Chrono Boost)  
  133  11:44  Probe x3  
  144  11:54  Void Ray (Chrono Boost)  
  148  12:23  Void Ray (Chrono Boost)  
  164  12:49  Pylon  
  164  12:50  Pylon  
  162  12:55  Pylon  
  162  12:57  Pylon  
Show
View Real Time Build Order
Export as new Build Order

Pablolo Protoss - Winner!

Build Orders: Dark Templar Rush 

Get SALT Encoding   

  12  0:52  Probe (Chrono Boost)  
  12  0:56  Pylon  
  13  1:00  Assimilator  
  13  1:03  Probe (Chrono Boost)  
  14  1:04  Pylon  
  14  1:08  Probe (Chrono Boost)  
  14  1:09  Assimilator  
  15  1:16  Gateway  
  15  1:18  Probe (Chrono Boost), Gateway  
  16  1:30  Probe (Chrono Boost)  
  17  1:35  Probe (Chrono Boost)  
  18  1:45  Probe  
  19  1:57  Probe  
  20  2:04  Cybernetics Core  
  20  2:05  Forge  
  20  2:09  Pylon, Probe (Chrono Boost)  
  21  2:15  Gateway  
  21  2:21  Probe (Chrono Boost)  
  22  2:47  Twilight Council  
  22  2:49  Pylon  
  22  3:01  Nexus  
  22  3:06  Pylon  
  22  3:13  Pylon  
  22  3:32  Probe (Chrono Boost)  
  23  3:40  Photon Cannon  
  24  3:42  Probe (Chrono Boost), Photon Cannon  
  24  3:47  Probe (Chrono Boost)  
  25  3:58  Probe, Dark Shrine  
  26  4:10  Probe (Chrono Boost)  
  27  4:21  Probe (Chrono Boost)  
  28  4:25  Probe (Chrono Boost)  
  29  4:44  Probe (Chrono Boost)  
  30  4:47  Assimilator  
  30  4:51  Photon Cannon  
  30  4:56  Probe (Chrono Boost)  
  30  4:57  Shield Battery  
  31  5:02  Probe (Chrono Boost)  
  31  5:03  Probe (Chrono Boost)  
  31  5:06  Assimilator  
  33  5:10  Probe  
  33  5:13  Probe  
  35  5:15  Dark Templar x2  
  35  5:16  Dark Templar  
  41  5:25  Probe x2 (Chrono Boost)  
  45  5:36  Probe (Chrono Boost)  
  45  5:37  Probe (Chrono Boost)  
  45  5:45  Probe (Chrono Boost)  
  46  5:50  Probe (Chrono Boost)  
  46  5:55  Dark Templar x3  
  53  5:57  Probe  
  54  6:34  Dark Templar x3  
  60  6:58  Pylon  
  60  7:00  Pylon  
  60  7:02  Pylon  
  60  7:11  Pylon  
  60  7:12  Pylon  
  60  7:13  Dark Templar x3  
  48  8:31  Stargate  
  48  8:34  Stargate  
  48  8:37  Stargate  
  48  8:41  Stargate  
  48  8:43  Stargate  
  48  8:46  Dark Templar x2  
  48  8:47  Dark Templar  
  54  9:24  Nexus  
  54  9:25  Dark Templar  
  54  9:26  Dark Templar x2  
  54  9:27  Pylon  
  54  9:29  Pylon  
  60  9:33  Assimilator  
  60  9:37  Assimilator  
  60  10:08  Probe  
  60  10:10  Probe  
  62  10:15  Void Ray  
  62  10:16  Void Ray x4  
  62  10:21  Probe (Chrono Boost), Dark Templar  
  85  10:22  Probe (Chrono Boost)  
  85  10:23  Dark Templar  
  88  10:32  Probe (Chrono Boost)  
  88  10:33  Probe (Chrono Boost)  
  88  10:34  Dark Templar  
  92  10:42  Probe (Chrono Boost)  
  94  10:43  Probe (Chrono Boost)  
  94  10:48  Probe (Chrono Boost)  
  95  11:35  Void Ray x3  
  95  11:36  Void Ray x2  
Show
View Real Time Build Order
Export as new Build Order

ZergZZZZZ Zerg - Winner!

Build Orders: Pool First 

Get SALT Encoding   

  12  0:03  Drone  
  13  0:26  Spawning Pool  
  12  0:34  Drone x2  
  14  0:39  Overlord  
  14  1:14  Zergling x6  
  14  1:16  Queen  
  19  1:21  Extractor  
  18  1:27  Zergling x2  
  19  1:38  Drone  
  20  1:48  Drone  
  21  2:01  Hatchery  
  20  2:19  Drone x2  
  20  2:21  Overlord  
  22  2:35  Extractor  
  21  2:38  Drone  
  21  2:42  Drone x3  
  25  2:58  Drone  
  25  3:02  Metabolic Boost  
  26  3:05  Lair  
  26  3:08  Drone  
  27  3:16  Drone x2  
  27  3:17  Drone  
  30  3:22  Drone  
  30  3:26  Drone x2  
  33  3:35  Drone  
  33  3:39  Queen  
  36  3:51  Overlord x2  
  36  3:54  Overlord  
  36  4:11  Drone x3  
  39  4:24  Overseer  
  39  4:37  Hydralisk Den  
  38  4:39  Drone x2  
  38  4:40  Drone  
  41  4:47  Drone x3  
  41  4:51  Extractor  
  43  4:54  Spine Crawler  
  42  5:01  Spine Crawler  
  41  5:08  Drone  
  41  5:09  Drone, Spine Crawler  
  42  5:26  Extractor  
  42  5:27  Drone  
  42  5:28  Drone x2  
  44  5:33  Overseer  
  44  5:37  Drone  
  45  5:45  Grooved Spines  
  45  5:49  Evolution Chamber  
  44  5:54  Evolution Chamber  
  43  5:59  Evolution Chamber  
  43  6:00  Drone x4  
  46  6:21  Drone x5  
  46  6:22  Drone x2  
  53  6:39  Hatchery  
  52  6:56  Muscular Augments  
  52  7:07  Hydralisk  
  52  7:08  Hydralisk x3  
  58  7:10  Overlord  
  58  7:11  Overlord x4  
  60  7:29  Spine Crawler  
  59  7:47  Zerg Melee Weapons Level 1  
  59  7:49  Zerg Missile Weapons Level 1  
  59  7:50  Zerg Ground Armor Level 1  
  59  7:56  Hydralisk x4  
  67  8:00  Hydralisk x3  
  67  8:01  Hydralisk x6  
  67  8:05  Overseer x5  
  83  8:33  Drone x3  
  83  8:34  Queen  
  86  8:40  Drone  
  86  8:41  Drone x2  
  91  8:57  Hatchery  
  90  9:23  Queen  
  90  9:24  Drone x2  
  90  9:25  Drone  
  90  9:30  Spine Crawler  
  92  9:33  Spine Crawler  
  92  9:35  Spine Crawler  
  90  9:50  Extractor, Hydralisk x7  
  90  9:51  Hydralisk  
  105  9:54  Overlord x4  
  105  10:13  Hydralisk  
  107  10:21  Zerg Melee Weapons Level 2  
  107  10:22  Zerg Missile Weapons Level 2  
  107  10:24  Zerg Ground Armor Level 2  
  107  10:36  Queen  
  91  12:09  Hydralisk  
  91  12:10  Hydralisk x17  
  91  12:13  Hydralisk  
  91  12:14  Hydralisk x7  
  143  12:18  Overlord x5  
  143  12:19  Overlord x3  
Tags
 
Add a new tag
Caveats
  • Supply blocks, unpowered buildings, or Contaminate may cause inaccurate times.
  • Supply counts are checked every 10 seconds.